 Seeded DCSS version 0.30.1-11-g7821555f0a (webtiles) character file.

Game seed: 12577214031010449085 (custom seed)

2 Psyclone the Conjurer (level 1, 10/10 HPs)
             Began as a Deep Elf Conjurer on Nov 9, 2023.
             Was a Follower of Vehumet.
             Quit the game on level 2 of the Dungeon.
             The game lasted 00:00:16 (112 turns).

Psyclone the Conjurer (Deep Elf Conjurer)            Turns: 112, Time: 00:00:17

Health: 10/10      AC:  2    Str:  4    XL:     1   Next: 25%
Magic:  6/6        EV: 12    Int: 22    God:    Vehumet [*.....]
Gold:   10         SH:  0    Dex: 13    Spells: 5/6 levels left

rFire   . . .        c - +0 dagger
rCold   . . .        (no shield)
rNeg    . . .        a - +0 robe
rPois   .            (no helmet)
rElec   .            (no cloak)
rCorr   .            (no gloves)
SInv    .            (no boots)
Will    .....        (no amulet)
Stlth   ++           (no ring)
HPRegen 0.21/turn    (no ring)
MPRegen 0.10/turn

%: no passive effects
@: no status effects
A: no striking features
a: Renounce Religion


You were on level 2 of the Dungeon.
You worshipped Vehumet.
Vehumet was aware of your devotion.
You visited 1 branch of the dungeon, and saw 2 of its levels.

You collected 10 gold pieces.

Inventory:

Hand Weapons
 c - a +0 dagger (weapon)
Armour
 a - a +0 robe (worn)
Potions
 b - a potion of magic


   Skills:
 - Level 2.4 Dodging
 - Level 2.4 Stealth
 + Level 3.0 Spellcasting
 * Level 4.4 Conjurations


You had 5 spell levels left.
You knew the following spells:

 Your Spells              Type           Power      Damage    Failure   Level
a - Magic Dart            Conj           92%        1d7       1%          1

Your spell library contained the following spells:

 Spells                   Type           Power      Damage    Failure   Level
 Kiss of Death            Conj/Necr      52%        2d9       4%          1
 Searing Ray              Conj           46%        2d6       3%          2
 Dazzling Flash           Conj/Hex       26%        N/A       14%         3
 Fulminant Prism          Conj/Hex       6%         3d7       43%         4
 Iskenderun's Mystic Bla  Conj/Tloc      13%        2d5       43%         4


Dungeon Overview and Level Annotations

Branches:
Dungeon (2/15) Zot: 11888

Altars:
Vehumet


Message History

You kill the hobgoblin!
You see here a hobgoblin corpse.
Found a stone staircase leading down.
There is a stone staircase leading down here.
You climb downwards.
There is a stone staircase leading up here.
Found 10 gold pieces.
You now have 10 gold pieces.
A kobold comes into view. It is wielding a +0 dagger.
Casting: Magic Dart (safe; 1% risk of failure)
Confirm with . or Enter, or press ? or * to list all spells.
Aiming: Magic Dart (safe; 1% risk of failure)
Press: ? - help, Shift-Dir - straight line, f - kobold
Aim: a kobold, wielding a +0 dagger (asleep, 100% to hit)
The magic dart hits the kobold.
You kill the kobold!
You see here a +0 dagger.
You now have 5/6 mp.
c - a +0 dagger (weapon)
Found 12 gold pieces.
Found a stone staircase leading down.
Found 8 gold pieces.
An adder comes into view.
You see here 8 gold pieces.
There is a dry fountain here.
You enter the shallow water.
Moving in this stuff is going to be slow.
MP restored: 6
Found a spear.
Found a faded altar of an unknown god.
There is a faded altar of an unknown god here.
This altar belongs to (a) Qazlal, (b) Vehumet or (c) Gozag, but you can't tell which.
Press the corresponding letter to learn more about a god, or press enter to convert or escape to cancel.
Vehumet accepts your prayer! Vehumet welcomes you!
You can now gain magical power from killing.
Vehumet offers you knowledge of Kiss of Death.
Unknown command.
Press < or > to pray at altars.
Unknown command.
Press < or > to pray at altars.
Are you sure you want to abandon this character and quit the game? (Confirm with "yes".)

########## ##........###
#...........# #.#.⌠P⌠⌠.~⌠.#
####.#.~.P.P.~.#
.......~.###P..#
####..~P#@#.⌠.#
####..⌠.#.#.⌠.#######
......~.#.#...$....>#
.......~..PS.~.#####.####.#
#.####.~~~~⌠~~.............
# #.........#####.####.#
#.......+............#
#.......#####.#.####.#
#.......# #.#.#


You could see an adder (asleep).

Vanquished Creatures
  A hobgoblin (D:1)
  A kobold (D:2)
2 creatures vanquished.

Notes
Turn   | Place    | Note
-------+----------+-------------------------------------------
     0 | D:1      | Psyclone the Deep Elf Conjurer began the quest for the Orb.
     0 | D:1      | Reached XP level 1. HP: 10/10 MP: 6/6
   107 | D:2      | Found a faded altar of an unknown god.
   111 | D:2      | Prayed at the altar of an unknown god.
   111 | D:2      | Became a worshipper of Vehumet
   111 | D:2      | Reached * piety under Vehumet
   111 | D:2      | Offered knowledge of Kiss of Death by Vehumet.
   112 | D:2      | Quit the game

Illustrated notes

Levels and vault maps discovered:
D:1:      heliophobic_arrival_glass_houses, layout_rooms, serial_shops,
          nicolae_shop_back_alley_shop
D:2:      layout_basic, shapermc_ecumenical_altar_acropolis, basic_altar,
          hangedman_feature_mirror, kennysheep_generic_room_8

Action                     || total
---------------------------++-------
   Cast: Magic Dart        ||     2
